 Dungeon Crawl Stone Soup version 0.18-a0-1655-ge2d8d33 (webtiles) character file.

1559 Geomchi the Summoner (level 8, -1/41 HPs)
             Began as a Tengu Summoner on Mar 31, 2016.
             Was a Follower of Sif Muna.
             Slain by an unseen horror (10 damage)
             ... on level 8 of the Dungeon.
             The game lasted 00:22:46 (11022 turns).

Geomchi the Summoner (Tengu Summoner)              Turns: 11022, Time: 00:22:47

Health: -1/41      AC:  6    Str:  8    XL:     8   Next: 89%
Magic:  4/16       EV: 12    Int: 19    God:    Sif Muna [*.....]
Gold:   647        SH:  0    Dex: 14    Spells: 5 memorised, 3 levels left

rFire  . . .     SeeInvis .     l - +2 mace (venom)
rCold  + . .     Gourm    .     N - +0 robe
rNeg   . . .     Faith    .     (no shield)
rPois  .         Spirit   .     (helmet restricted)
rElec  .         Dismiss  .     p - +2 cloak
rCorr  .         Reflect  .     m - +0 pair of gloves
SustAt .         Harm     .     (boots unavailable)
MR     .....                    w - amulet of regeneration
Stlth  ++........               F - ring of protection from cold
                                C - ring of wizardry

@: not resistant to hostile enchantments, unstealthy
A: beak, talons 3, able to fly 1
a: Fly, Channel Energy, Renounce Religion


You were on level 8 of the Dungeon.
You worshipped Sif Muna.
Sif Muna was aware of your devotion.
You were hungry.

You visited 2 branches of the dungeon, and saw 9 of its levels.
You also visited: Ossuary.

You collected 647 gold pieces.

Inventory:

Hand Weapons
 l - a +2 mace of venom (weapon)
Armour
 m - a +0 pair of gloves (worn)
 p - a +2 cloak (worn)
 t - a +0 robe of fire resistance
 L - the cursed +1 ring mail "Suliclox" {rElec Str+5 Dex-2 SInv, unknown}
   (You found it on level 8 of the Dungeon)

   It affects your strength (+5).
   It affects your dexterity (-2).
   It insulates you from electricity.
   It lets you see invisible.
   It has a curse placed upon it.
 N - a +0 robe (worn)
Jewellery
 u - an uncursed ring of ice
 w - an amulet of regeneration (around neck)
 C - a ring of wizardry (left hand)
 D - a +2 ring of dexterity
 F - a ring of protection from cold (right hand)
 H - a +2 amulet of reflection {unknown}
Wands
 e - a wand of disintegration (1/24)
 B - a wand of lightning (7/15)
 J - a wand of confusion (34/48)
 K - a wand of enslavement (14/24)
Scrolls
 c - a scroll of noise {unknown}
 g - 7 scrolls of remove curse
 j - 3 scrolls of amnesia
 k - 4 scrolls of teleportation {unknown}
 n - 2 scrolls of immolation {unknown}
 s - 4 scrolls of enchant weapon
 v - 3 scrolls of magic mapping {unknown}
 y - a scroll of blinking {unknown}
 A - 3 scrolls of recharging {unknown}
 M - a scroll of fog {unknown}
 R - a scroll of vulnerability {unknown}
 S - a scroll of brand weapon {unknown}
Potions
 a - a potion of mutation {unknown}
 d - 2 potions of flight
 f - a potion of cure mutation {unknown}
 h - 2 potions of might {unknown}
 i - 4 potions of lignification
 x - a potion of heal wounds {unknown}
 z - 4 potions of curing
 E - a potion of haste {unknown}
 G - a potion of beneficial mutation {unknown}
 O - 2 potions of berserk rage
 P - 2 potions of agility {unknown}
 Q - a potion of degeneration {unknown}
Books
 b - a book of Callings

   Spells                             Type                      Level
   a - Summon Small Mammal            Summoning                    1
   b - Call Imp                       Summoning                    2
   c - Call Canine Familiar           Summoning                    3
   d - Summon Guardian Golem          Hexes/Summoning              3
   e - Summon Lightning Spire         Summoning/Air                4
   f - Summon Ice Beast               Ice/Summoning                4
Comestibles
 o - 3 chunks of flesh {@w0}
 q - 11 bread rations {@e1}
 r - 3 meat rations {@e2}
 I - a royal jelly


   Skills:
 - Level 2.1 Dodging
 - Level 2.0 Stealth
 + Level 5.3 Spellcasting
 + Level 10.7 Summonings
 - Level 3.0 Ice Magic
 - Level 3.6 Air Magic


You had 3 spell levels left.
You knew the following spells:

 Your Spells              Type           Power        Failure   Level  Hunger
a - Summon Small Mammal   Summ           ####         1%          1    None
b - Call Imp              Summ           #####...     1%          2    None
c - Call Canine Familiar  Summ           #####...     1%          3    ##.....
d - Summon Lightning Spi  Summ/Air       ####....     3%          4    ####...
m - Summon Ice Beast      Ice/Summ       ####....     4%          4    ####...


Dungeon Overview and Level Annotations

Branches:
Dungeon (8/15)             Temple (1/1) D:5
   Lair: D:8-11

Altars:
Ashenzari
Cheibriados
Dithmenos
Elyvilon
Fedhas
Gozag
Kikubaaqudgha
Makhleb
Nemelex Xobeh
Okawaru
Pakellas
Qazlal
Ru
Sif Muna
Trog
Vehumet
Xom
Yredelemnul
Zin
The Shining One

Shops:
D:3 *   D:4 (

Annotations:
D:3 SirMumm's ghost, amateur GrFi


Innate Abilities, Weirdness & Mutations

You have a beak for a mouth.
You have claws for feet.
You can fly.


Message History

You take 5 damage, and have 17/41 hp.
Your lightning spire cannot move out of your way!
You swap places.
Your lightning spire disappears in a puff of smoke!
Something hits you!
* * * LOW HITPOINT WARNING * * *
Something hits your wolf!
Your wolf closely misses something.
The gnoll misses you. The orc hits you but does no damage.
You take 8 damage, and have 9/41 hp.
You swap places.
Something hits you.
* * * LOW HITPOINT WARNING * * *
Something closely misses your wolf.
Your wolf bites something!
Something hits your wolf!
Your wolf dies!
Your wolf's corpse disappears in a puff of smoke!
The gnoll hits you but does no damage. The orc barely misses you.
A chill wind blows around you.
You are feeling hungry.
Something hits you!
You die...

###############
####..........Y.@#
#≈≈≈≈≈≈≈≈≈≈≈≈≈§{Y#
#≈###.......###go#
#≈# ####∩#### #≈)#
#)## ### #≈..#
#≈.# .≈#.# )≈.#
#.≈#.# #≈.# #.≈#.#
#≈[# #.≈ .#


You could see a gnoll, an orc and 2 friendly ice beasts.

Vanquished Creatures
  A phantom (D:4)
  An ice beast (D:7)
  A scorpion (D:6)
  A giant frog zombie (D:6)
  An orc priest (D:8)
  An iguana (D:3)
  4 adders
  A worm (D:2)
  A giant gecko (D:3)
  An orc (D:4)
  A bat (D:1)
  2 giant cockroaches
  2 hobgoblins
  A goblin (D:2)
  An orc zombie (Ossuary)
  2 rats (D:1)
22 creatures vanquished.

Vanquished Creatures (collateral kills)
  A spriggan (D:8)
  An ice beast (D:7)
  An orc warrior (D:8)
  5 ogres
  A necrophage (D:8)
  3 centaurs
  2 giant frogs
  A wyvern skeleton (D:8)
  A scorpion (D:4)
  5 wights (D:4)
  3 howler monkeys
  A crimson imp (D:5)
  A hound (D:7)
  5 jellies
  A centaur zombie (D:7)
  An orc priest (D:8)
  A centaur skeleton (D:6)
  Jessica (D:2)
  2 iguanas
  An orc wizard (D:8)
  5 worker ants
  A big kobold zombie (Ossuary)
  8 mummies (Ossuary)
  7 gnolls
  6 adders
  2 shadow imps
  An adder skeleton (D:4)
  3 dart slugs (D:1)
  5 giant geckos
  11 orcs
  A ball python (D:4)
  5 bats
  3 giant cockroaches
  12 goblins
  3 hobgoblins
  2 jackals (D:6)
  5 kobolds
  2 quokkas
  A giant gecko skeleton (D:7)
  4 giant newts
  A gnoll zombie (Ossuary)
  3 hobgoblin zombies (Ossuary)
  2 jackal skeletons
  2 orc zombies (Ossuary)
  3 rats (D:1)
136 creatures vanquished.

Vanquished Creatures (others)
  A quokka (D:2)
1 creature vanquished.

Grand Total: 159 creatures vanquished

Notes
Turn   | Place    | Note
--------------------------------------------------------------
     0 | D:1      | Geomchi the Tengu Summoner began the quest for the Orb.
     0 | D:1      | Reached XP level 1. HP: 10/10 MP: 4/4
   839 | D:1      | Reached skill level 5 in Summonings
   839 | D:1      | Reached XP level 2. HP: 10/15 MP: 3/6
  1376 | D:1      | Learned a level 2 spell: Call Imp
  2052 | D:2      | Reached XP level 3. HP: 4/19 MP: 4/8
  2316 | D:2      | Noticed Jessica
  2327 | D:2      | Killed Jessica
  2332 | D:2      | Learned a level 3 spell: Call Canine Familiar
  2750 | D:2      | Found a white marble altar of Elyvilon.
  2878 | D:2      | Reached XP level 4. HP: 21/24 MP: 5/9
  3497 | D:3      | Noticed SirMumm's ghost (amateur GrFi)
  3927 | D:3      | Noticed an ogre
  3935 | D:3      | Killed an ogre
  3935 | D:3      | Reached skill level 6 in Summonings
  3935 | D:3      | Gained mutation: You can fly. [Tengu growth]
  3935 | D:3      | Reached XP level 5. HP: 28/28 MP: 1/11
  4289 | D:3      | Found an oddly glowing altar of Pakellas.
  4382 | D:3      | Found Zin's Purification Station.
  4457 | D:3      | Found a glowing silver altar of Zin.
  4896 | D:4      | Reached skill level 7 in Summonings
  4896 | D:4      | Reached XP level 6. HP: 32/32 MP: 3/13
  5366 | D:4      | Noticed a phantom
  5387 | D:4      | Killed a phantom
  5751 | D:4      | Found Foanuc's Weapon Shop.
  5796 | D:5      | Entered Level 5 of the Dungeon
  5811 | D:5      | Found a bloodstained altar of Trog.
  5875 | D:5      | Found a shadowy altar of Dithmenos.
  5875 | D:5      | Found a radiant altar of Vehumet.
  5939 | D:5      | Reached skill level 8 in Summonings
  5939 | D:5      | Reached XP level 7. HP: 14/36 MP: 8/15
  6104 | D:5      | Learned a level 4 spell: Summon Ice Beast
  6530 | D:5      | Reached skill level 5 in Spellcasting
  6772 | D:5      | Found a staircase to the Ecumenical Temple.
  6778 | Temple   | Entered the Ecumenical Temple
  7094 | D:5      | Found a glowing golden altar of the Shining One.
  7128 | D:5      | Found a deep blue altar of Sif Muna.
  7173 | D:5      | Became a worshipper of Sif Muna the Loreminder
  7273 | D:5      | Found an opulent altar of Gozag.
  7478 | D:6      | Reached skill level 9 in Summonings
  7485 | D:6      | Reached skill level 1 in Ice Magic
  7761 | D:6      | Found a burning altar of Makhleb.
  7763 | D:6      | Found a sacrificial altar of Ru.
  7854 | D:6      | Learned a level 4 spell: Summon Lightning Spire
  7968 | D:6      | Reached XP level 8. HP: 41/41 MP: 5/16
  8233 | D:6      | Found a stormy altar of Qazlal.
  8838 | D:7      | Reached * piety under Sif Muna
  8843 | D:7      | Reached skill level 10 in Summonings
  9035 | D:7      | Reached skill level 1 in Air Magic
  9698 | D:8      | Got a translucent ring mail
  9868 | D:8      | Noticed a spriggan baker
  9880 | D:8      | Killed a spriggan baker
  9990 | D:8      | Found a sand-covered staircase.
 10004 | Ossuary  | Entered an ossuary
 11022 | D:8      | Slain by an unseen horror

Vault maps used:
D:1:      co_arrival_random_square_maze
D:2:      elyvilon_altar_4, uniq_jessica
D:3:      johnstein_pakellas_dig, zin_purify, serial_curves, eino_curves_02,
          eino_curves_02, first_bread
D:4:      serial_shops, shop
D:5:      kennysheep_mini_moat, lemuel_crystal_altar, lemuel_crystal_altar,
          grunt_dithmenos_smoke, grunt_temple_overflow_open,
          minmay_temple_entry_overgrown
D:6:      grunt_qazlal_sundering, minitemple, serial_curves, eino_curves_04,
          eino_curves_02
D:8:      lightli_bailey_entry_fortress, nicolae_ossuary_entry_plus, the_bakery
Temple:   minmay_temple_bridge_a_8
Ossuary:  ossuary_tomb_3

Skill      XL: |  1  2  3  4  5  6  7  8 |
---------------+-------------------------+-----
Summonings     | 5 6 7 8 9 10 | 10.7
Spellcasting   | 3 4 5 |  5.3
Ice Magic      | 2 3 |  3.0
Air Magic      | 3 |  3.6
Dodging        | |  2.1
Stealth        | |  2.0

Action                   |  1- 3 |  4- 6 |  7- 9 || total
-------------------------+-------+-------+-------++-------
Melee: Unarmed           |     5 |       |       ||     5
       Short sword       |    10 |       |       ||    10
       Mace              |     6 |    29 |    14 ||    49
 Cast: Summon Small Mamm |    45 |    58 |    70 ||   173
       Call Imp          |    16 |    36 |    47 ||    99
       Call Canine Famil |     1 |    11 |    16 ||    28
       Summon Ice Beast  |       |       |    29 ||    29
       Summon Lightning  |       |       |     5 ||     5
  Use: Scroll            |       |       |     8 ||     8
 Stab: Sleeping          |       |     2 |       ||     2
       Distracted        |       |     3 |     1 ||     4
  Eat: Chunk             |     5 |     9 |    12 ||    26
       Bread ration      |     1 |       |       ||     1
       Pizza             |       |       |     2 ||     2
       Fruit             |       |       |     3 ||     3
       Meat ration       |       |       |     1 ||     1
